 Dungeon Crawl Stone Soup version 0.20-a0-947-g2784f4f (webtiles) character file.

152 Hybris the Skirmisher (level 5, -19/51 HPs)
             Began as an Ogre Fighter on Apr 3, 2017.
             Was an Initiate of Hepliaklqana.
             Demolished by an ogre
             ... wielding a +0 giant club
              (24 damage)
             ... on level 4 of the Dungeon.
             The game lasted 00:06:11 (3091 turns).

Hybris the Skirmisher (Ogre Fighter)                Turns: 3091, Time: 00:06:12

Health: -19/51     AC:  3    Str: 26    XL:     5   Next: 34%
Magic:  5/5        EV:  8    Int:  9    God:    Hepliaklqana [......]
Gold:   201        SH:  8    Dex:  8    Spells: 4/4 levels left

rFire    . . .     SeeInvis .   a - +1 flail
rCold    . . .     Gourm    .   c - +0 shield
rNeg     . . .     Faith    .   b - +0 robe
rPois    .         Spirit   .   (helmet restricted)
rElec    .         Reflect  .   (no cloak)
rCorr    .         Harm     .   (gloves unavailable)
MR       .....                  (boots unavailable)
Stlth    +.........             (no amulet)
Regen    0.2/turn               e - +5 ring of slaying
MPRegen  0.1/turn               s - +3 ring of slaying

@: mighty
A: unfitting armour, reduced essence, tough skin 1
a: Recall Ancestor, Ancestor Identity, Renounce Religion


You were on level 4 of the Dungeon.
You worshipped Hepliaklqana.
Hepliaklqana was noncommittal.
You were not hungry.

You visited 1 branch of the dungeon, and saw 4 of its levels.

You collected 201 gold pieces.

Inventory:

Hand Weapons
 a - a +1 flail (weapon)
Armour
 b - a +0 robe (worn)
 c - a +0 shield (worn)
Jewellery
 e - a +5 ring of slaying (left hand)
 s - a +3 ring of slaying (right hand)
Scrolls
 m - a scroll of enchant armour {unknown}
 n - 3 scrolls of identify
 q - a scroll of recharging {unknown}
 r - 2 scrolls of teleportation {unknown}
 t - 2 scrolls of fear {unknown}
 u - 2 scrolls of remove curse {unknown}
 w - a scroll of magic mapping {unknown}
Potions
 h - a potion of mutation {unknown}
 j - a potion of magic {unknown}
 k - a potion of heal wounds {unknown}
 o - a potion of lignification {unknown}
 p - a potion of flight {unknown}
 v - 2 potions of brilliance
 x - a potion of degeneration {unknown}
Comestibles
 f - 2 bread rations
 g - 3 chunks of flesh
 i - 2 royal jellies
 l - 6 fruits


   Skills:
 + Level 5.5 Fighting
 * Level 4.0 Maces & Flails
 - Level 2.6 Dodging
 - Level 2.6 Shields


You had 4 spell levels left.
You didn't know any spells.

Dungeon Overview and Level Annotations

Branches:
Dungeon (4/15)
 Temple: D:4-7

Altars:
Fedhas
Gozag
Hepliaklqana


Innate Abilities, Weirdness & Mutations

You are too large for most types of armour.
You have tough skin. (AC +1)
Your life essence is reduced. (-10% HP)


Message History

The ogre is moderately wounded.
The ogre hits you with a giant club!
You hit the ogre.
The ogre is moderately wounded.
The ogre hits you with a giant club!!
Ouch! That really hurt!
* * * LOW HITPOINT WARNING * * *
The crimson imp hits you.
* * * LOW HITPOINT WARNING * * *
You feel very mighty all of a sudden. You block the crimson imp's attack.
You block the ogre's attack.
You barely miss the ogre.
The ogre is moderately wounded.
The crimson imp hits you.
* * * LOW HITPOINT WARNING * * *
The ogre barely misses you.
You barely miss the ogre.
The ogre is moderately wounded.
You block the crimson imp's attack. The ogre hits you with a giant club!!
You die...

............#......
. ....#.....###....
...##...### ## ..#
#...# ....#...#
#.....# ##....#####
.#.....R..$##
........@5...#
........O....#
..#..............
..#...........#..
.....).......# .
.###...........
#.(.....<..#.
............


You could see the friendly Golosino the ancestor, an ogre and a crimson imp.

Vanquished Creatures
  An orc wizard (D:4)
  3 adders
  A gnoll (D:1)
  3 oozes (D:2)
  2 worms
  3 dart slugs (D:1)
  3 leopard geckos
  3 orcs
  3 ball pythons
  2 bats
  A giant cockroach (D:1)
  7 hobgoblins
  2 jackals (D:1)
  A quokka (D:3)
  4 frilled lizards
  7 goblins
  5 kobolds
  5 rats
56 creatures vanquished.

Vanquished Creatures (collateral kills)
  3 orcs
3 creatures vanquished.

Grand Total: 59 creatures vanquished

Notes
Turn   | Place    | Note
-------+----------+-------------------------------------------
     0 | D:1      | Hybris the Ogre Fighter began the quest for the Orb.
     0 | D:1      | Reached XP level 1. HP: 24/24 MP: 1/1
   168 | D:1      | Reached XP level 2. HP: 22/33 MP: 2/2
   496 | D:1      | Reached XP level 3. HP: 40/40 MP: 3/3
  1304 | D:2      | Reached XP level 4. HP: 32/49 MP: 4/4
  1587 | D:2      | Reached skill level 5 in Fighting
  2121 | D:3      | Found a hazy altar of Hepliaklqana.
  2161 | D:3      | Became a worshipper of Hepliaklqana the Forgotten
  2435 | D:3      | Reached XP level 5. HP: 51/51 MP: 5/5
  2479 | D:3      | Found an opulent altar of Gozag.
  2483 | D:3      | Found a blossoming altar of Fedhas.
  3083 | D:4      | Noticed an ogre
  3091 | D:4      | Demolished by an ogre

Vault maps used:
D:1:      ncdulo_lavacross
D:2:      first_bread
D:3:      nicolae_overflow_hidden_temple, nicolae_overflow_crystal_walls
D:4:      tso_altar

Skill      XL: |  1  2  3  4  5 |
---------------+----------------+-----
Maces & Flails | 2 3 4 |  4.0
Fighting       | 5 |  5.5
Dodging        | |  2.6
Shields        | |  2.6

Action                   |  1- 3 |  4- 6 || total
-------------------------+-------+-------++-------
Melee: Flail             |    97 |   101 ||   198
Invok: Ancestor Identity |       |     1 ||     1
  Use: Scroll            |       |     4 ||     4
       Potion            |       |     1 ||     1
  Eat: Chunk             |     1 |     6 ||     7
Armor: Robe              |    21 |    32 ||    53
Dodge: Dodged            |    41 |    31 ||    72
Block: Shield            |    42 |    39 ||    81
